 Dungeon Crawl Stone Soup version 0.18-a0-1418-ga86aa8f (webtiles) character file.

38698 Kidiri the Thaumaturge (level 13, -5/74 HPs)
             Began as a Deep Elf Fire Elementalist on Feb 25, 2016.
             Was a High Priest of Vehumet.
             Slain by a wolf spider zombie (11 damage)
             ... summoned by a minotaur
             ... in a labyrinth on Feb 26, 2016.
             The game lasted 02:50:45 (26361 turns).

Kidiri the Thaumaturge (DEFE)                      Turns: 26361, Time: 02:50:45

Health: -5/74      AC:  9    Str:  9      XL:     13   Next: 65%
Magic:  16/41      EV: 20    Int: 28 (30) God:    Vehumet [*****.]
Gold:   1161       SH:  0    Dex: 20 (22) Spells: 10 memorised, 3 levels left

rFire  . . .     SeeInvis +     o - +6 dagger (venom)
rCold  . . .     Gourm    .     u - +1 robe of the First Snow {MR++ Str+4 Int+2 SInv}
rNeg   . . .     Faith    +     (no shield)
rPois  .         Spirit   .     U - +0 hat
rElec  .         Dismiss  .     B - +1 cloak "Eneifix" {Dex+7}
rCorr  .         Reflect  .     (no gloves)
SustAt .         Harm     .     Q - +0 pair of boots
MR     ++++.                    r - amulet of faith
Stlth  +++++.....               O - ring of magical power
                                M - +2 ring of protection

@: very slightly contaminated, incredibly resistant to hostile enchantments,
quite stealthy
A: horns 1, icy blue scales 1, clever 1, deterioration 1, magic resistance 1
a: Renounce Religion


You were in a labyrinth.
You worshipped Vehumet.
Vehumet was extremely pleased with you.
You were completely stuffed.

You visited 3 branches of the dungeon, and saw 17 of its levels.
You also visited: Labyrinth and Bailey.

You collected 1185 gold pieces.
You spent 24 gold pieces at shops.

Inventory:

Hand Weapons
 o - a +6 dagger of venom (weapon)
Missiles
 D - 3 throwing nets (quivered)
Armour
 s - a +0 cloak of invisibility
 u - the +1 robe of the First Snow (worn) {MR++ Str+4 Int+2 SInv}
   (You found it on level 4 of the Dungeon)

   It affects your strength (+4).
   It affects your intelligence (+2).
   It affects your resistance to hostile enchantments.
   It lets you see invisible.
 B - the +1 cloak "Eneifix" (worn) {Dex+7}
   (You acquired it on level 9 of the Dungeon)

   It affects your dexterity (+7).
 Q - a +0 pair of boots (worn)
 U - a +0 hat (worn)
Magical Staves
 W - an uncursed staff of energy
Jewellery
 r - an amulet of faith (around neck)
 M - a +2 ring of protection (left hand)
 O - a ring of magical power (right hand)
Wands
 w - a wand of random effects (31/48)
 I - a wand of lightning (11/15)
 L - a wand of disintegration (9/24)
 R - a wand of disintegration (10/24)
 T - a wand of lightning (5/15)
 X - a wand of slowing (18/48)
Scrolls
 f - a scroll of blinking
 g - 7 scrolls of teleportation
 i - 4 scrolls of immolation
 j - a scroll of fear
 k - 4 scrolls of remove curse
 v - 2 scrolls of recharging
 y - 2 scrolls of amnesia
 H - a scroll of noise
 J - a scroll of vulnerability
 N - 2 scrolls of summoning
 P - a scroll of magic mapping
 S - a scroll of fog
Potions
 d - a potion of cure mutation
 e - 2 potions of cancellation
 h - a potion of ambrosia
 l - a potion of curing
 m - 2 potions of brilliance
 n - 3 potions of flight
 p - 5 potions of might
 q - 2 potions of berserk rage
 t - 2 potions of invisibility
 E - 3 potions of haste
 F - 2 potions of agility
 G - 2 potions of lignification
Books
 a - a book of Envenomations

   Spells                             Type                      Level
   a - Spider Form                    Transmutation/Poison         3
   b - Olgreb's Toxic Radiance        Poison                       4
   c - Alistair's Intoxication        Transmutation/Poison         5
   d - Poisonous Cloud                Conjuration/Poison/Air       6
 b - a book of Flames

   Spells                             Type                      Level
   a - Flame Tongue                   Conjuration/Fire             1
   b - Throw Flame                    Conjuration/Fire             2
   c - Conjure Flame                  Conjuration/Fire             3
   d - Inner Flame                    Hexes/Fire                   3
   e - Sticky Flame                   Conjuration/Fire             4
   f - Fireball                       Conjuration/Fire             5
 A - the Handbook of Glacial Confrontation
   (You found it in a bailey)

   Spells                             Type                      Level
   a - Throw Frost                    Conjuration/Ice              2
   b - Force Lance                    Conjuration/Translocation    4
   c - Ice Form                       Ice/Transmutation            4
   d - Bolt of Cold                   Conjuration/Ice              6
 C - a book of the Tempests

   Spells                             Type                      Level
   a - Static Discharge               Conjuration/Air              3
   b - Lightning Bolt                 Conjuration/Air              5
   c - Fireball                       Conjuration/Fire             5
   d - Tornado                        Air                          9
   e - Shatter                        Earth                        9
 V - a book of Spatial Translocations

   Spells                             Type                      Level
   a - Apportation                    Translocation                1
   b - Blink                          Translocation                2
   c - Shroud of Golubria             Charms/Translocation         2
   d - Portal Projectile              Translocation                3
   e - Teleport Other                 Translocation                3
   f - Passage of Golubria            Translocation                4
 Y - a book of Power

   Spells                             Type                      Level
   a - Fulminant Prism                Conjuration/Hexes            4
   b - Iskenderun's Mystic Blast      Conjuration                  4
   c - Venom Bolt                     Conjuration/Poison           5
   d - Bolt of Magma                  Conjuration/Fire/Earth       5
   e - Iron Shot                      Conjuration/Earth            6
   f - Orb of Destruction             Conjuration                  7
   g - Spellforged Servitor           Conjuration/Summoning        7
Miscellaneous
 x - a plain deck of wonders {Wild Magic, drawn: 1}
Comestibles
 c - 16 bread rations
 z - 7 meat rations


   Skills:
 + Level 6.1 Fighting
 + Level 8.9 Dodging
 + Level 10.2 Stealth
 * Level 13.7 Spellcasting
 + Level 8.3 Conjurations
 + Level 9.5 Hexes
 + Level 9.0 Fire Magic
 + Level 6.0 Air Magic
 + Level 6.5 Earth Magic
 + Level 6.3 Poison Magic
 - Level 5.5 Evocations


You had 3 spell levels left.
You knew the following spells:

 Your Spells              Type           Power        Failure   Level  Hunger
a - Flame Tongue          Conj/Fire      #####        1%          1    None
b - Throw Flame           Conj/Fire      ######       1%          2    None
c - Conjure Flame         Conj/Fire      ######..     1%          3    None
d - Inner Flame           Hex/Fire       ######..     1%          3    None
e - Sticky Flame          Conj/Fire      ######..     1%          4    None
f - Fireball              Conj/Fire      ######....   1%          5    #......
g - Lightning Bolt        Conj/Air       ######....   1%          5    #......
h - Olgreb's Toxic Radia  Pois           ######..     1%          4    None
i - Stone Arrow           Conj/Erth      ######       1%          3    None
j - Poisonous Cloud       Conj/Pois/Air  ######....   8%          6    ####...


Dungeon Overview and Level Annotations

Branches:
Dungeon (10/15)            Temple (1/1) D:7            Lair (6/8) D:9
 Shoals (0/4) Lair:5       Spider (0/4) Lair:5        Slime (0/6) Lair:6
    Orc: D:9-12

Altars:
Ashenzari
Cheibriados
Dithmenos
Elyvilon
Fedhas
Gozag
Kikubaaqudgha
Makhleb
Nemelex Xobeh
Okawaru
Pakellas
Qazlal
Ru
Sif Muna
Trog
Vehumet
Xom
Yredelemnul
Zin
The Shining One

Shops:
D:6 (%[*=

Portals:
Trove: D:10 (give Singing Sword)

Annotations:
D:5 Menkaure


Innate Abilities, Weirdness & Mutations

You have a pair of small horns on your head.
You are partially covered in icy blue scales (AC +1).
Your mind is acute. (Int +2)
Your body sometimes deteriorates upon taking damage.
You are resistant to hostile enchantments.


Message History

* * * LOW HITPOINT WARNING * * *
The iguana hisses menacingly.
The wolf spider zombie is engulfed in roaring flames.
The wolf spider zombie closely misses you.
The wolf spider zombie bites you.
* * * LOW HITPOINT WARNING * * *
Unknown command.
Unknown command.
Unknown command.
Unknown command.
Unknown command.
Unknown command.
Unknown command.
Evoke which item? (* to show all) (? for menu, Esc to quit)
Zapping:
R - a wand of disintegration (11/24)
Press: ? - help, Shift-Dir - straight line, f - wolf spider zombie
Aim: a wolf spider zombie (summoned, chance to defeat MR: 95%)
The wolf spider zombie is blasted.
This wand has 10 charges left.
The wolf spider zombie hits you!
You die...

. ...# ####.#l.
# .. #...#T#.#
# ## ## #H#.# .
. . ..
....#ยง#.. #
.#######.#.# .
#...#.....#.#..
## # #
###.##### # . .
.. #...Z@..# .
.#. ##
#######.# .. #.
.. # # #######
. . ... . ... #
##.## #.### .#
. . ##


You could see a wolf spider zombie.

Vanquished Creatures
  Gastronok (Lair:3)
  Harold (Lair:4)
  A hill giant (D:10)
  Pikel (D:5)
  3 orc knights (Bailey)
  3 oklob plants (Lair:1)
  An orb spider (Lair:5)
  4 elephants (Lair:4)
  A griffon (Lair:4)
  7 black mambas
  10 spiny frogs
  6 komodo dragons
  2 kobold demonologists (Bailey)
  A rime drake (Lair:2)
  A polar bear (Lair:5)
  Prince Ribbit (D:5)
  Grinder (D:3)
  A minotaur skeleton (Lab)
  A two-headed ogre (D:10)
  A wind drake (Bailey)
  13 blink frogs
  A spriggan (D:8)
  26 yaks
  2 basilisks
  Eustachio (D:5)
  4 vampire mosquitoes
  9 hippogriffs
  21 wolves
  2 hungry ghosts
  2 insubstantial wisps (Lair:4)
  2 hell hounds (D:9)
  10 water moccasins
  8 porcupines
  2 ice beasts
  8 orc warriors
  4 slaves (D:5)
  2 black bears
  2 phantoms
  A necrophage (D:9)
  6 ogres
  A wasp (D:10)
  8 centaurs
  11 crocodiles
  Blork the orc (D:5)
  A big kobold (D:8)
  17 giant frogs
  A gnoll sergeant (D:10)
  A wyvern skeleton (D:9)
  2 scorpions (D:5)
  A water moccasin skeleton (D:5)
  4 killer bees (D:7)
  15 wights
  6 electric eels
  6 crimson imps
  A quasit (D:9)
  A giant frog zombie (D:8)
  2 centaur zombies
  8 hounds
  A jelly (D:3)
  6 orc wizards
  Crazy Yiuf (D:3)
  A giant frog skeleton (D:8)
  13 iguanas
  2 orc priests
  Natasha (thrice) (D:3)
  12 worker ants
  4 sheep (Lair:5)
  2 hound zombies
  2 howler monkey zombies
  25 gnolls
  13 adders
  51 river rats
  A shadow imp (D:6)
  2 oozes
  6 worms
  4 dart slugs
  5 giant geckos
  41 orcs
  6 giant cockroaches
  19 goblins
  18 hobgoblins
  16 jackals
  5 quokkas
  14 bats
  5 giant newts
  A jackal skeleton (D:4)
  10 kobolds
  A quokka zombie (D:6)
  7 rats
  A bush (Lair:1)
  2 butterflies (D:7)
  4 plants
565 creatures vanquished.

Vanquished Creatures (collateral kills)
  A howler monkey (D:10)
1 creature vanquished.

Vanquished Creatures (others)
  A water moccasin (Lair:6)
  A river rat (Lair:6)
  4 fungi
6 creatures vanquished.

Grand Total: 572 creatures vanquished

Notes
Turn   | Place    | Note
--------------------------------------------------------------
     0 | D:1      | Kidiri the Deep Elf Fire Elementalist began the quest for the Orb.
     0 | D:1      | Reached XP level 1. HP: 10/10 MP: 6/6
   415 | D:1      | Reached XP level 2. HP: 15/15 MP: 5/8
   419 | D:1      | Learned a level 2 spell: Throw Flame
   903 | D:2      | Reached XP level 3. HP: 19/19 MP: 4/9
   908 | D:2      | Learned a level 3 spell: Conjure Flame
  1151 | D:2      | Learned a level 3 spell: Inner Flame
  1650 | D:2      | Reached XP level 4. HP: 19/24 MP: 8/11
  1765 | D:2      | Reached skill level 1 in Hexes
  2142 | D:2      | Reached skill level 1 in Fighting
  2493 | D:3      | Noticed Natasha
  2500 | D:3      | Killed Natasha
  2500 | D:3      | Reached skill level 4 in Spellcasting
  2543 | D:3      | Reached XP level 5. HP: 22/29 MP: 3/13
  2712 | D:3      | Noticed Grinder
  2732 | D:3      | Paralysed by Grinder for 5 turns
  2912 | D:3      | Noticed Natasha
  2914 | D:3      | Killed Natasha
  2987 | D:3      | Noticed Crazy Yiuf
  2994 | D:3      | Killed Crazy Yiuf
  2994 | D:3      | Reached XP level 6. HP: 34/34 MP: 4/15
  3000 | D:3      | Learned a level 4 spell: Sticky Flame
  3127 | D:3      | Noticed Natasha
  3167 | D:3      | Paralysed by Grinder for 6 turns
  3174 | D:3      | Killed Grinder
  3174 | D:3      | Reached skill level 5 in Spellcasting
  3174 | D:3      | Reached skill level 1 in Evocations
  3416 | D:3      | Killed Natasha
  3416 | D:3      | Reached XP level 7. HP: 40/40 MP: 12/17
  3550 | D:4      | Found a sparkling altar of Nemelex Xobeh.
  3929 | D:4      | Got an opalescent robe
  3940 | D:4      | Identified the +1 robe of the First Snow {MR++ Str+4 Int+2 SInv} (You found it on level 4 of the Dungeon)
  4746 | D:4      | Reached skill level 6 in Spellcasting
  4864 | D:4      | Learned a level 5 spell: Fireball
  5101 | D:5      | Entered Level 5 of the Dungeon
  5560 | D:5      | Noticed Prince Ribbit
  5568 | D:5      | Killed Prince Ribbit
  5568 | D:5      | Reached skill level 5 in Fire Magic
  5568 | D:5      | Reached XP level 8. HP: 24/45 MP: 0/19
  5817 | D:5      | Noticed Pikel
  5850 | D:5      | Reached skill level 5 in Stealth
  6110 | D:5      | Noticed Eustachio
  6125 | D:5      | Killed Eustachio
  6125 | D:5      | Reached skill level 7 in Spellcasting
  6513 | D:5      | Noticed Blork the orc
  6518 | D:5      | Killed Blork the orc
  6609 | D:5      | Reached skill level 5 in Dodging
  6801 | D:5      | Gained mutation: You are resistant to hostile enchantments. [potion of beneficial mutation]
  6806 | D:5      | Killed Pikel
  6806 | D:5      | Reached skill level 8 in Spellcasting
  6806 | D:5      | Reached skill level 5 in Hexes
  6806 | D:5      | Reached XP level 9. HP: 51/51 MP: 16/23
  6893 | D:5      | Learned a level 5 spell: Lightning Bolt
  6933 | D:5      | Found a deep blue altar of Sif Muna.
  7081 | D:5      | Noticed Menkaure
  7558 | D:6      | Reached skill level 1 in Air Magic
  8040 | D:6      | Found Huty's General Store.
  8056 | D:6      | Bought a scroll of identify for 24 gold pieces
  8163 | D:6      | Found Bachaf's Jewellery Boutique.
  8177 | D:6      | Found Gengeomn's Antique Armour Boutique.
  8192 | D:6      | Found Daoff's Food Boutique.
  8210 | D:6      | Found Sowe Lin's Antique Weapon Shop.
  8720 | D:7      | Reached skill level 9 in Spellcasting
  8720 | D:7      | Reached skill level 5 in Conjurations
  8878 | D:7      | Found a staircase to the Ecumenical Temple.
  8887 | Temple   | Entered the Ecumenical Temple
  8893 | Temple   | Became a worshipper of Vehumet
  8991 | D:7      | Found a white marble altar of Elyvilon.
  9614 | D:7      | Reached XP level 10. HP: 39/56 MP: 5/25
  9749 | D:7      | Learned a level 4 spell: Olgreb's Toxic Radiance
 10703 | D:8      | Reached * piety under Vehumet
 10703 | D:8      | Offered knowledge of Magic Dart by Vehumet.
 10717 | D:8      | Found a shimmering altar of Xom.
 10921 | D:8      | Reached skill level 1 in Poison Magic
 11594 | D:8      | Found a stormy altar of Qazlal.
 11638 | D:8      | Found an opulent altar of Gozag.
 11638 | D:8      | Found a burning altar of Makhleb.
 11711 | D:9      | Found a flagged portal.
 11734 | Bailey   | Entered a bailey
 11782 | Bailey   | Reached ** piety under Vehumet
 11892 | Bailey   | Offered knowledge of Sandblast by Vehumet.
 11912 | Bailey   | Learned a level 1 spell: Sandblast
 11973 | Bailey   | Found an iron altar of Okawaru.
 11980 | Bailey   | Noticed a soul eater
 11989 | Bailey   | Noticed a sun demon
 11989 | Bailey   | Reached skill level 10 in Spellcasting
 12000 | Bailey   | Noticed a sixfirhy
 12000 | Bailey   | Reached skill level 5 in Evocations
 12020 | Bailey   | Noticed an orc knight
 12043 | Bailey   | Killed an orc knight
 12043 | Bailey   | Reached skill level 1 in Earth Magic
 12386 | Bailey   | Noticed an orc knight
 12399 | Bailey   | Killed an orc knight
 12572 | Bailey   | Noticed an orc knight
 12583 | Bailey   | Killed an orc knight
 12585 | Bailey   | Offered knowledge of Stone Arrow by Vehumet.
 12592 | Bailey   | Learned a level 3 spell: Stone Arrow
 12716 | Bailey   | Reached XP level 11. HP: 62/62 MP: 24/27
 12871 | Bailey   | Reached *** piety under Vehumet
 12901 | Bailey   | Gained mutation: You have a pair of small horns on your head. [potion of mutation]
 12901 | Bailey   | Gained mutation: Your body sometimes deteriorates upon taking damage. [potion of mutation]
 12902 | Bailey   | Gained mutation: You are partially covered in icy blue scales (AC +1). [potion of mutation]
 12902 | Bailey   | Gained mutation: Your flesh is heat resistant. [potion of mutation]
 12902 | Bailey   | Gained mutation: Your mind is acute. (Int +2) [potion of mutation]
 13000 | Bailey   | Identified the Handbook of Glacial Confrontation
 13397 | D:10     | Entered Level 10 of the Dungeon
 13757 | D:10     | Offered knowledge of Dazzling Spray by Vehumet.
 14178 | D:10     | Found a portal to a secret trove of treasure.
 14223 | D:10     | Found a shimmering altar of Xom.
 14224 | D:10     | Found a shimmering altar of Xom.
 14226 | D:10     | Found a shimmering altar of Xom.
 14226 | D:10     | Found a shimmering altar of Xom.
 14321 | D:10     | Reached skill level 11 in Spellcasting
 14446 | D:10     | Noticed a hill giant
 14461 | D:10     | Killed a hill giant
 14683 | D:10     | Reached **** piety under Vehumet
 15131 | D:9      | Offered knowledge of Throw Icicle by Vehumet.
 15148 | D:9      | Got a polished cloak
 15159 | D:9      | Identified the +1 cloak "Eneifix" {Dex+7} (You acquired it on level 9 of the Dungeon)
 15300 | D:9      | Found a glowing golden altar of the Shining One.
 15413 | D:9      | Found a staircase to the Lair.
 15598 | Lair:1   | Entered Level 1 of the Lair of Beasts
 15965 | Lair:1   | Reached ***** piety under Vehumet
 15979 | Lair:1   | Offered knowledge of Iskenderun's Battlesphere by Vehumet.
 16294 | Lair:1   | Reached skill level 5 in Fighting
 16591 | Lair:1   | Noticed an oklob plant
 16593 | Lair:1   | Noticed an oklob plant
 16883 | Lair:1   | Killed an oklob plant
 16883 | Lair:1   | Killed an oklob plant
 16884 | Lair:1   | Noticed an oklob plant
 16963 | Lair:1   | Killed an oklob plant
 16963 | Lair:1   | Reached skill level 12 in Spellcasting
 16963 | Lair:1   | Reached XP level 12. HP: 45/68 MP: 21/30
 19230 | Lair:2   | Learned a level 6 spell: Poisonous Cloud
 19861 | Lair:3   | Noticed Gastronok
 19898 | Lair:3   | Killed Gastronok
 19898 | Lair:3   | Reached skill level 5 in Air Magic
 19898 | Lair:3   | Reached skill level 5 in Poison Magic
 20453 | Lair:4   | Reached skill level 5 in Earth Magic
 20692 | Lair:4   | Upgraded the game from 0.18-a0-1413-g4eaa9ac to 0.18-a0-1418-ga86aa8f
 20855 | Lair:4   | Reached skill level 13 in Spellcasting
 21748 | Lair:4   | Reached XP level 13. HP: 68/74 MP: 32/32
 21915 | Lair:4   | Noticed Harold
 21944 | Lair:4   | Killed Harold
 22053 | Lair:4   | Offered knowledge of Freezing Cloud by Vehumet.
 22768 | Lair:4   | Lost mutation: Your flesh is heat resistant. [helix card]
 23546 | Lair:5   | Found a staircase to the Shoals.
 23889 | Lair:5   | Reached skill level 10 in Stealth
 24118 | Lair:5   | Found a hole to the Spider Nest.
 24894 | Lair:6   | Found a labyrinth entrance.
 24903 | Lab      | Entered a labyrinth
 26343 | Lab      | Noticed a minotaur
 26361 | Lab      | Slain by a wolf spider zombie

Vault maps used:
D:1:      saegor_arrival_simple_c, minmay_strange_pillars, minmay_misc_feat_chi,
          minmay_statues_item, corexii_corridor_pit
D:3:      portal_sewer_entry_f, uniq_natasha, uniq_grinder,
          uniq_crazy_yiuf_cottage
D:4:      lemuel_crystal_altar, first_bread, roderic_lattice_a,
          columned_hall_lemuel, bh_chokoban
D:5:      kennysheep_mini_moat, due_unseen_surprise, uniq_menkaure,
          uniq_blork_the_orc, uniq_prince_ribbit1, uniq_eustachio, uniq_pikel
D:6:      serial_shops, shop, shop_statue, shop, kennysheep_little_box, shop,
          minivault_5, grunt_ministairs_11
D:7:      elyvilon_altar_5, minmay_temple_entry_butterflies
D:8:      gammafunk_temple_overflow_pools, overflow_temple_1_default,
          basic_altar, the_bakery, nrook_loot_triangle, zaba_anthole
D:9:      minmay_lair_entry_lava, basic_altar, enter_bailey_3
D:10:     enter_trove_0, xom_redecorated
Temple:   water_room_temple_a_12
Lair:1:   disabler_island, serial_bayou_shore_b, serial_bayou_shore_b,
          infiniplex_staircase_pool_2, serial_bayou_shore_a, grunt_megastairs_5
Lair:3:   lemuel_fruit_tree, grunt_megastairs_2, uniq_gastronok
Lair:4:   pond, grunt_megastairs_4, uniq_harold
Lair:5:   minmay_shoals_entry_centaurs, nicolae_spider_entry_orb_guardian,
          bh_autumn_forest_stairs
Lair:6:   nicolae_slime_entry_slimehenge, lab_entry_generic, uniq_snorg,
          uniq_maud
Lab:      labyrinth_watery, nicolae_lab_hexagon, labyrinth_skeletal_remains
Bailey:   bailey_axe_of_yendor_kennysheep, bailey

Skill      XL: |  1  2  3  4  5  6  7  8  9 10 11 12 13 |
---------------+----------------------------------------+-----
Conjurations   | 2 3 4 5 6 7 8 |  8.3
Stealth        | 3 4 6 7 8 9 10 | 10.2
Hexes          | 1 2 3 5 6 7 9 |  9.5
Fighting       | 1 2 3 4 5 6 |  6.1
Dodging        | 3 4 5 6 7 8 |  8.9
Spellcasting   | 4 5 6 8 9 10 12 13 | 13.7
Fire Magic     | 4 5 6 7 8 9 |  9.0
Evocations     | 1 2 3 4 5 |  5.5
Air Magic      | 2 3 4 5 6 |  6.0
Poison Magic   | 2 4 5 6 |  6.3
Earth Magic    | 2 3 5 6 |  6.5

Action                   |  1- 3 |  4- 6 |  7- 9 | 10-12 | 13-15 || total
-------------------------+-------+-------+-------+-------+-------++-------
Melee: Dagger            |     7 |    15 |   127 |    45 |    68 ||   262
 Cast: Flame Tongue      |    33 |    60 |   159 |   340 |    23 ||   615
       Throw Flame       |    25 |    32 |    88 |   164 |    26 ||   335
       Conjure Flame     |       |     4 |    13 |    24 |    11 ||    52
       Inner Flame       |       |     3 |    11 |    17 |     2 ||    33
       Sticky Flame      |       |     1 |    11 |    46 |    22 ||    80
       Lightning Bolt    |       |       |     1 |    10 |       ||    11
       Fireball          |       |       |       |    22 |     7 ||    29
       Stone Arrow       |       |       |       |    95 |    75 ||   170
       Olgreb's Toxic Ra |       |       |       |     1 |       ||     1
       Poisonous Cloud   |       |       |       |     1 |     9 ||    10
 Abil: Evoke Invisibilit |       |       |       |     1 |       ||     1
Evoke: Wand              |       |       |       |       |     1 ||     1
       Deck              |       |       |       |       |     1 ||     1
  Use: Scroll            |     7 |     4 |    10 |    18 |     5 ||    44
       Potion            |       |     1 |     6 |     7 |     2 ||    16
 Stab: Sleeping          |     1 |     4 |     5 |    15 |     3 ||    28
  Eat: Chunk             |     1 |     3 |    10 |    13 |     7 ||    34
       Meat ration       |     1 |       |     1 |     1 |       ||     3
       Fruit             |       |       |    10 |    10 |    15 ||    35
       Beef jerky        |       |       |     1 |     5 |       ||     6
       Pizza             |       |       |       |     4 |       ||     4
